 Dungeon Crawl Stone Soup version 0.23.2-1-ga50397a (webtiles) character file.

Game seed: 2576008297934512322

1392 whitewolfNL the Ruffian (level 8, 0/79 HPs)
             Began as a Troll Berserker on May 7, 2019.
             Was an Elder of Trog.
             Slain by a gnoll
             ... wielding a +0 whip
              (8 damage)
             ... on level 5 of the Dungeon.
             The game lasted 00:14:46 (3839 turns).

whitewolfNL the Ruffian (Troll Berserker)           Turns: 3839, Time: 00:14:48

Health: 0/79       AC:  6    Str: 26    XL:     8   Next: 41%
Magic:  7/7        EV: 11    Int:  3    God:    Trog [****..]
Gold:   240        SH:  0    Dex: 11    Spells: 7/7 levels left

rFire    . . .     SeeInvis .     - Unarmed
rCold    . . .     Gourm    +   (no shield)
rNeg     . . .     Faith    .   a - +0 animal skin
rPois    .         Spirit   .   (helmet restricted)
rElec    .         Reflect  .   (no cloak)
rCorr    .         Harm     .   (gloves unavailable)
MR       .....                  (boots unavailable)
Stlth    ++........             (no amulet)
HPRegen  0.63/turn              (no ring)
MPRegen  0.10/turn              (no ring)

@: berserk cooldown, slowed, very slow
A: large, unfitting armour, claws 3, fast metabolism 3, gourmand, regeneration
1, shaggy fur 1, tough skin 3
a: Berserk, Trog's Hand, Brothers in Arms, Renounce Religion


You were on level 5 of the Dungeon.
You worshipped Trog.
Trog was greatly pleased with you.
You were full.

You visited 1 branch of the dungeon, and saw 5 of its levels.

You collected 240 gold pieces.

Inventory:

Missiles
 e - 222 stones (quivered)
 f - 21 bolts
 k - 75 sling bullets
 u - 6 arrows
Armour
 a - a +0 animal skin (worn)
Scrolls
 d - a scroll of magic mapping {unknown}
 g - 6 scrolls of identify {unknown}
 l - a scroll of enchant weapon {unknown}
 m - a scroll of fog {unknown}
 q - 5 scrolls of random uselessness {unknown}
 r - a scroll of fear {unknown}
 s - 2 scrolls of remove curse {unknown}
 t - a scroll of teleportation {unknown}
 x - a scroll of immolation {unknown}
Potions
 c - 7 potions of curing
 h - 2 potions of berserk rage {unknown}
 i - 2 potions of ambrosia {unknown}
 j - a potion of haste {unknown}
 n - 2 potions of flight {unknown}
 o - a potion of mutation {unknown}
 p - a potion of agility
 v - 2 potions of resistance {unknown}
Comestibles
 b - 9 rations
 w - 12 chunks of flesh


   Skills:
 * Level 4.3 Fighting
 * Level 3.5 Throwing
 + Level 4.2 Dodging
 - Level 2.0 Stealth
 + Level 7.0 Unarmed Combat


You had 7 spell levels left.
You didn't know any spells.
Your spell library was empty.

Dungeon Overview and Level Annotations

Branches:
Dungeon (5/15)
 Temple: D:4-7

Altars:
Ashenzari
Kikubaaqudgha
Makhleb
Qazlal
Ru
Vehumet
Wu Jian
Yredelemnul

Shops:
D:4 %   D:5 (


Innate Abilities, Weirdness & Mutations

You are too large for most types of armour.
You have claws for hands.
Your metabolism is lightning-fast.
You like to eat raw meat.
Your natural rate of healing is unusually fast.
You are covered in fur. (AC +1)
You have extremely tough skin. (AC +3)


Message History

The gnoll hits you.
* * * LOW HITPOINT WARNING * * *
The big kobold misses you. The kobold closely misses you.
The gnoll closely misses you. The gnoll hits you.
* * * LOW HITPOINT WARNING * * *
It was a potion of curing.
You feel better.
The big kobold hits you but does no damage.
The kobold barely misses you. The gnoll hits you with a +0 whip.
* * * LOW HITPOINT WARNING * * *
The gnoll barely misses you.
The big kobold hits you but does no damage.
The kobold hits you but does no damage.
You mangle the big kobold!!
You kill the big kobold!
Trog accepts your kill.
Your Unarmed Combat skill increases to level 7!
The gnoll closely misses you. The gnoll barely misses you. The kobold hits you.
* * * LOW HITPOINT WARNING * * *
The gnoll hits you with a +0 whip!
You die...

################ #
#..............# .#
+.......(......# ..#
####..............##'#
.......########......# .......#
#..g...# .......########.@K...#
####..........).$g##+#
.))).....((..(()..#
...#.......((.....# #≈≈≈≈≈≈≈≈≈#
################### #≈≈≈≈≈≈≈≈≈#
≈≈≈≈≈≈≈≈≈≈≈≈≈≈≈≈≈≈#####≈≈≈≈≈≈≈≈≈#
≈≈≈≈≈≈≈≈≈≈≈≈≈≈≈≈≈≈≈≈≈≈≈≈≈≈≈≈≈≈≈≈#
≈≈≈≈≈≈≈≈≈≈≈≈≈≈≈≈≈≈≈≈≈≈≈≈≈≈≈≈≈≈≈≈#
≈.≈..≈≈≈...≈.≈.≈≈≈≈..≈≈.≈≈..≈≈.≈#


You could see 2 gnolls and a kobold.

Vanquished Creatures
  Edmund (D:5)
  An ogre (D:5)
  A centaur (D:5)
  A phantom (D:4)
  3 big kobolds (D:5)
  A howler monkey (D:4)
  3 vampire bats (D:3)
  A crimson imp (D:5)
  A hound (D:3)
  A jelly (D:5)
  2 orc wizards (D:4)
  2 orc priests
  An iguana (D:4)
  3 worker ants
  2 hound skeletons (D:4)
  7 gnolls
  9 adders
  A shadow imp (D:2)
  An ooze (D:2)
  4 worms
  3 dart slugs
  5 leopard geckos
  12 orcs
  2 ball pythons
  9 bats
  2 bat skeletons (D:3)
  3 bat zombies (D:3)
  15 goblins
  19 hobgoblins
  8 jackals
  A quokka (D:4)
  7 frilled lizards
  11 kobolds
  A quokka skeleton (D:5)
  10 rats
154 creatures vanquished.

Notes
Turn   | Place    | Note
-------+----------+-------------------------------------------
     0 | D:1      | whitewolfNL the Troll Berserker began the quest for the
                  | Orb.
     0 | D:1      | Reached XP level 1. HP: 22/22 MP: 0/0
   123 | D:1      | Reached XP level 2. HP: 29/29 MP: 1/1
   394 | D:1      | Reached XP level 3. HP: 34/36 MP: 2/2
   443 | D:1      | Reached ** piety under Trog
  1045 | D:2      | Reached XP level 4. HP: 28/45 MP: 3/3
  1058 | D:2      | Reached skill level 1 in Throwing
  1059 | D:2      | Found a sacrificial altar of Ru.
  1495 | D:3      | Reached skill level 4 in Unarmed Combat
  1512 | D:3      | Reached XP level 5. HP: 39/53 MP: 4/4
  1549 | D:3      | Reached skill level 1 in Stealth
  1576 | D:3      | Reached *** piety under Trog
  1900 | D:3      | Found an ornate altar of the Wu Jian Council.
  2008 | D:3      | Reached XP level 6. HP: 61/61 MP: 5/5
  2293 | D:3      | Found an ancient bone altar of Kikubaaqudgha.
  2422 | D:4      | Reached skill level 5 in Unarmed Combat
  2437 | D:4      | Reached XP level 7. HP: 20/67 MP: 6/6
  2539 | D:4      | Found a shattered altar of Ashenzari.
  2681 | D:4      | Found Emmyemiy's Food Boutique.
  2878 | D:4      | Found a basalt altar of Yredelemnul.
  2887 | D:4      | Found a burning altar of Makhleb.
  2936 | D:4      | Found a stormy altar of Qazlal.
  3016 | D:4      | Reached **** piety under Trog
  3160 | D:5      | Entered Level 5 of the Dungeon
  3174 | D:5      | Noticed Edmund
  3191 | D:5      | Killed Edmund
  3209 | D:5      | Reached skill level 6 in Unarmed Combat
  3263 | D:5      | Found a radiant altar of Vehumet.
  3333 | D:5      | Reached XP level 8. HP: 78/78 MP: 7/7
  3618 | D:5      | Found Arogerr's Weapon Shoppe.
  3837 | D:5      | HP: 2/79 [gnoll (3)]
  3839 | D:5      | Reached skill level 7 in Unarmed Combat
  3839 | D:5      | Slain by a gnoll

Skill      XL: |  1  2  3  4  5  6  7  8 |
---------------+-------------------------+-----
Fighting       | 3 4 |  4.3
Throwing       | 1 2 3 |  3.5
Unarmed Combat | 4 5 6 7 |  7.0
Dodging        | 3 4 |  4.2
Stealth        | 1 2 |  2.0

Action                   |  1- 3 |  4- 6 |  7- 9 || total
-------------------------+-------+-------+-------++-------
Melee: Unarmed           |   109 |   206 |   113 ||   428
       Punch             |     1 |     2 |     3 ||     6
Invok: Berserk           |     1 |     4 |     6 ||    11
  Use: Potion            |       |       |     1 ||     1
 Stab: Sleeping          |     1 |     4 |     2 ||     7
       Distracted        |       |     1 |       ||     1
  Eat: Chunk             |    14 |    16 |    17 ||    47
Armor: Animal skin       |    47 |   119 |    34 ||   200
Dodge: Dodged            |    49 |   173 |    76 ||   298
